 Dungeon Crawl Stone Soup version 0.27.1 (webtiles) character file.

Game seed: 39697729112697805

28 r3algoood the Caller (level 3, 0/19 HPs)
             Began as a Deep Elf Summoner on Aug 31, 2021.
             Slain by a goblin (6 damage)
             ... led by Robin
             ... on level 2 of the Dungeon.
             The game lasted 00:07:47 (2529 turns).

r3algoood the Caller (Deep Elf Summoner)            Turns: 2529, Time: 00:07:47

Health: 0/19       AC:  0    Str:  3 (5)  XL:     3   Next: 0%
Magic:  2/10       EV: 12    Int: 19 (20) God:
Gold:   85         SH:  0    Dex: 14 (15) Spells: 8/9 levels left

rFire    . . .     SeeInvis .   g - +0 hand axe
rCold    . . .     Faith    .   (no shield)
rNeg     . . .     Spirit   .   (no armour)
rPois    .         Reflect  .   (no helmet)
rElec    .         Harm     .   (no cloak)
rCorr    .         Rampage  .   (no gloves)
Will     .....                  (no boots)
Stlth    ++........             (no amulet)
HPRegen  0.06/turn              (no ring)
MPRegen  0.12/turn              (no ring)

@: no status effects
A: no striking features
a: no special abilities


You were on level 2 of the Dungeon.
You visited 1 branch of the dungeon, and saw 2 of its levels.

You collected 85 gold pieces.

Inventory:

Hand Weapons
 g - a +0 hand axe (weapon)
Armour
 a - a +0 robe
 f - a +0 plate armour of poison resistance
Scrolls
 b - a scroll of enchant armour {unknown}
 c - 2 scrolls of teleportation {unknown}
 e - a scroll of identify {unknown}
Potions
 h - 2 potions of flight {unknown}


   Skills:
 + Level 2.4 Dodging
 + Level 2.6 Stealth
 + Level 3.5 Spellcasting
 + Level 5.1 Summonings


You had 8 spell levels left.
You knew the following spells:

 Your Spells              Type           Power      Damage    Failure   Level
a - Summon Small Mammal   Summ           88%        N/A       1%          1

Your spell library contained the following spells:

 Spells                   Type           Power      Damage    Failure   Level
 Call Imp                 Summ           22%        N/A       2%          2
 Call Canine Familiar     Summ           22%        N/A       5%          3
 Summon Guardian Golem    Hex/Summ       13%        N/A       16%         3
 Slow                     Hex            3%         N/A       22%         2
 Confusing Touch          Hex            3%         N/A       41%         3
 Summon Lightning Spire   Summ/Air       13%        N/A       45%         4
 Yara's Violent Unravell  Hex/Tmut       1%         3d3       99%         5


Dungeon Overview and Level Annotations

Branches:
Dungeon (2/15)

Altars:

Annotations:
D:2 Robin


Message History

Robin roars a battlecry!
The goblin goes into a battle-frenzy!
You hear a shout!
Your bat hits the worm. The worm bites your bat.
Your bat dies!
Your bat's corpse disappears in a puff of smoke!
Something hits your rat.
Your rat dies!
Your rat's corpse disappears in a puff of smoke!
Casting: Summon Small Mammal (safe; 1% risk of failure)
Confirm with . or Enter, or press ? or * to list all spells.
Robin roars a battlecry!
The goblin goes into a battle-frenzy!
Casting: Summon Small Mammal (safe; 1% risk of failure)
Confirm with . or Enter, or press ? or * to list all spells.
You don't have enough magic to cast this spell.
A goblin comes into view. It is wielding a +0 dagger.
Found a stone staircase leading down.
Robin hits your rat with a +0 mace!
Your rat dies!
Your rat's corpse disappears in a puff of smoke!
Robin throws the goblin at you! The goblin hits you with a +0 club.
You barely miss the goblin.
Robin says, "Feeling lonely?"
The goblin hits you with a +0 club.
You hit the goblin.
You kill the goblin!
You have reached level 3!
Your experience leads to an increase in your attributes!
Your base attributes are Str 5, Int 19, Dex 15.
Increase (S)trength, (I)ntelligence, or (D)exterity?
You feel clever.
Things that are here:
a +0 club; a goblin corpse Robin throws the goblin at you!
The goblin completely misses you.
You closely miss the goblin. The goblin hits you with a +0 dagger.
You barely miss the goblin.
Robin roars a battlecry!
The goblin goes into a battle-frenzy!
The goblin hits you with a +0 dagger.
You die...

####..##...##..# #.#
##### #.....#....##..#
#.# #...#
......#....##..#
#.######...#####
#.....#....##.##
#...............
+........#.##.#
########...#####
#....###.#..#.# #...#
#....# #..#.# #.<.#####
#....#
#....###########...g....
####.##
#.....g@.)g..w###.######
# #..
....>##.#####.g...)....#
# #.# #.# #.#
#..##.####)# ####†# #.#
#..##.# #§§ .....# #..
....##.# #.# ###..# #.#
###..##.# #.# # #..# #..
...##.# #.# # #..# ###
#...##.# #.# # #..#
#...##.# #.#


You could see a worm, Robin and 2 goblins.

Vanquished Creatures
  A goblin (D:2)
1 creature vanquished.

Vanquished Creatures (collateral kills)
  2 adders (D:2)
  5 bats (D:1)
  5 endoplasms (D:1)
  3 giant cockroaches
  3 goblins (D:2)
  A hobgoblin (D:1)
  3 jackals (D:1)
  A quokka (D:1)
  A ball python (D:2)
  A kobold (D:2)
  3 rats (D:1)
28 creatures vanquished.

Vanquished Creatures (others)
  2 plants (D:1)
2 creatures vanquished.

Grand Total: 31 creatures vanquished

Notes
Turn   | Place    | Note
-------+----------+-------------------------------------------
     0 | D:1      | r3algoood the Deep Elf Summoner began the quest for the
                  | Orb.
     0 | D:1      | Reached XP level 1. HP: 10/10 MP: 6/6
  1254 | D:1      | Reached XP level 2. HP: 15/15 MP: 2/8
  1993 | D:2      | Found a faded altar of an unknown god.
  2028 | D:2      | Reached skill level 5 in Summonings
  2513 | D:2      | Noticed Robin
  2525 | D:2      | Reached XP level 3. HP: 12/19 MP: 1/10
  2529 | D:2      | Slain by a goblin

Illustrated notes

Levels and vault maps discovered:
D:1:      zelgadis_glass_arrival_small, layout_basic, serial_corexii_hall,
          corexii_hall_statues_x, chequers_hall_statues_corner_a,
          serial_bayou_crossing
D:2:      layout_basic, shapermc_ecumenical_altar_notcrosses, uniq_robin

Skill      XL: |  1  2 |
---------------+-------+-----
Summonings     | 5 |  5.1
Dodging        | |  2.4
Stealth        | |  2.6
Spellcasting   | |  3.5

Action                   || total
-------------------------++-------
Melee: Unarmed           ||     4
       Hand axe          ||     4
 Cast: Summon Small Mamm ||    86
  Use: Potion            ||     2
Armor: Robe              ||     3
Dodge: Dodged            ||    19
